 Dungeon Crawl Stone Soup version 0.17.2 (webtiles) character file.

66 ololoev the Slasher (level 3, -2/29 HPs)
             Began as a Mummy Chaos Knight on June 29, 2016.
             Slain by a giant gecko (4 damage)
             ... on level 2 of the Dungeon.
             The game lasted 00:02:08 (1116 turns).

ololoev the Slasher (Mummy Chaos Knight)            Turns: 1116, Time: 00:02:08

Health: -2/29      AC: 11    Str: 16    XL:     3   Next: 96%
Magic:  3/3        EV:  4    Int: 11    God:    Xom [....*.]
Gold:   98         SH:  0    Dex: 11    Spells: 0 memorised, 2 levels left

rFire  x . .     SeeInvis .     a - +0 falchion (chaos)
rCold  + . .     Clarity  .     e - +0 plate armour
rNeg   + + +     SustAt   .     (no shield)
rPois  ∞         Gourm    .     (no helmet)
rElec  .         Spirit   .     (no cloak)
rCorr  .         Warding  .     (no gloves)
rMut   .         Stasis   .     (no boots)
MR     .....                    (no amulet)
Stlth  ..........               (no ring)
                                (no ring)

@: not resistant to hostile enchantments, extremely unstealthy
A: no food or potions, fire vulnerability, cold resistance 1, negative energy
resistance 3, torment resistance, unbreathing
a: Renounce Religion


Innate Abilities, Weirdness & Mutations

You do not eat or drink.
Your flesh is vulnerable to fire.
You are immune to poison.
Your flesh is cold resistant.
You are immune to negative energy.
You are immune to unholy pain and torment.
You can survive without breathing.

Inventory:

Hand Weapons
 a - a +0 falchion of chaos (weapon)
Armour
 e - a +0 plate armour (worn)
Scrolls
 b - a scroll of recharging {unknown}
 c - a scroll of amnesia {unknown}
 d - 2 scrolls of teleportation {unknown}
 f - 2 scrolls of identify {unknown}
 g - a scroll of fog {unknown}


   Skills:
 - Level 3.0 Fighting
 * Level 3.5 Long Blades
 + Level 2.4 Armour
 - Level 0.7 Dodging


You had 2 spell levels left.
You didn't know any spells.


You were on level 2 of the Dungeon.
You worshipped Xom.
You were a beloved toy of Xom.
You were not hungry.

You visited 1 branch of the dungeon, and saw 2 of its levels.

You collected 98 gold pieces.

####### #.....#
#.....###..
#......... #.....#
#..@{.#
##########...####
#.................
#.########...#####
#.#### ##.##
#....# #.# ..
####.# #.! .. #.#
#### .>... #.#
#.#...

Notes
Turn   | Place    | Note
--------------------------------------------------------------
     0 | D:1      | ololoev the Mummy Chaos Knight began the quest for the Orb.
     0 | D:1      | Reached XP level 1. HP: 18/18 MP: 1/1
    51 | D:1      | XOM: divination: magic mapping
    81 | D:1      | Reached XP level 2. HP: 13/24 MP: 2/2
   634 | D:1      | Reached XP level 3. HP: 27/29 MP: 3/3
   699 | D:2      | XOM: god gift: trident {god gift}
   893 | D:2      | Found a white marble altar of Elyvilon.
  1113 | D:2      | HP: 1/29 [something (3)]
  1116 | D:2      | Slain by a giant gecko

Dungeon Overview and Level Annotations

Branches:
Dungeon (2/15)

Altars:
Elyvilon


Message History

A giant gecko is nearby!
You closely miss the giant gecko.
The giant gecko bites you but does no damage.
You miss the giant gecko.
The giant gecko bites you but does no damage.
You hit the giant gecko.
The giant gecko flickers and vanishes!
Deactivating autopickup; reactivate with Ctrl-A.
Xom is highly amused!
Something bites you but does no damage. x2
You closely miss something. Something bites you but does no damage.
You closely miss something. Something bites you. Something bites you.
You miss something. Something bites you.
You miss something. Something bites you but does no damage.
You closely miss something. Something bites you but does no damage.
Something bites you but does no damage.
You miss something. Something bites you.
You closely miss something. Something bites you but does no damage.
You miss something. Something bites you but does no damage.
Something bites you but does no damage.
You miss something. Something bites you but does no damage.
You closely miss something. Something bites you but does no damage.
You barely miss something. Something bites you but does no damage.
Something bites you but does no damage.
You closely miss something. Something bites you but does no damage.
You closely miss something. Something bites you but does no damage.
You closely miss something. Something bites you but does no damage.
Something bites you.
You miss something. Something bites you but does no damage.
You closely miss something. Something bites you but does no damage.
You miss something. Something bites you but does no damage.
Something bites you.
You completely miss something. Something bites you.
You barely miss something. Something bites you but does no damage.
You closely miss something. Something bites you.
Something bites you but does no damage.
You closely miss something. Something bites you but does no damage.
You completely miss something. Something bites you but does no damage.
You miss something. Something bites you but does no damage.
Something bites you.
You die...

There were no monsters in sight!

Vanquished Creatures
  2 adders (D:2)
  An ooze (D:1)
  A worm (D:2)
  2 giant geckos (D:2)
  7 bats
  2 giant cockroaches
  5 goblins (D:1)
  3 hobgoblins
  4 kobolds
  2 giant newts (D:1)
  5 jackals
  5 rats (D:1)
39 creatures vanquished.

Action                   || total
-------------------------++-------
Melee: Falchion          ||   209
 Stab: Petrified         ||     1

Vault maps used:
D:1:      minmay_arrival_solitary_statue
D:2:      elyvilon_altar_5
